 Dungeon Crawl Stone Soup version 0.31-a0-202-g547052bce9 (webtiles) character file.

Game seed: 11068691605267223927

189 qw the Skirmisher (level 5, 0/29 HPs)
             Began as a Deep Elf Hunter on June 26, 2023.
             Slain by a crimson imp
             ... wielding a +2 dagger of chaos
              (2 damage)
             ... on level 5 of the Dungeon.
             The game lasted 00:00:54 (2887 turns).

qw the Skirmisher (Deep Elf Hunter)                 Turns: 2887, Time: 00:00:55

Health: 0/29       AC:  5    Str: 16    XL:     5   Next: 40%
Magic:  7/7        EV: 11    Int: 14    God:
Gold:   37         SH:  0    Dex: 18    Spells: 4/4 levels left

rFire   . . .        Y - +0 shortbow
rCold   . . .        (shield currently unavailable)
rNeg    . . .        g - +0 ring mail
rPois   .            (no helmet)
rElec   .            (no cloak)
rCorr   .            (no gloves)
SInv    .            (no boots)
Will    .....        (no amulet)
Stlth   +            j - +6 ring of strength
HPRegen 0.24/turn    (no ring)
MPRegen 0.10/turn

%: no passive effects
@: about to teleport
A: no striking features
a: no special abilities


You were on level 5 of the Dungeon.
You visited 2 branches of the dungeon, and saw 6 of its levels.

You collected 205 gold pieces.
You spent 168 gold pieces at shops.


   Skills:
 - Level 1.5 Fighting
 + Level 8.9 Ranged Weapons
 - Level 2.4 Dodging
 - Level 1.2 Stealth


You had 4 spell levels left.
You didn't know any spells.
Your spell library was empty.

Inventory:

Hand Weapons
 Y - a +0 shortbow (weapon)
Armour
 g - a +0 ring mail (worn)
Jewellery
 j - a +6 ring of strength (left hand)
Wands
 b - a wand of digging (5)
Scrolls
 a - 3 scrolls of identify
 i - a scroll of fog {unknown}
Potions
 c - 7 potions of curing
 d - a potion of haste
 f - a potion of enlightenment
 h - a potion of heal wounds {unknown}

Dungeon Overview and Level Annotations

Branches:
Dungeon (5/15)             Temple (1/1) D:4

Altars:
Cheibriados
Dithmenos
Elyvilon
Hepliaklqana
Makhleb
Nemelex Xobeh
Ru
Sif Muna
Uskayaw
Vehumet
Wu Jian
Xom
Zin
The Shining One

Shops:
D:2 !   D:3 !?   D:4 ?

Annotations:
D:1 1 runed translucent door


Message History

You open the door.
A crimson imp comes into view. It is wielding a +2 dagger of chaos.
The crimson imp shouts!
Found a shimmering altar of Xom and a burning altar of Makhleb.
Enter note:
Enter note:
Enter note:
Enter note: You shoot an arrow.
The arrow barely misses the crimson imp.
You shoot an arrow.
The arrow barely misses the crimson imp.
The crimson imp hits you with a +2 dagger of chaos.
The crimson imp freezes you.
You shoot an arrow.
The arrow hits the crimson imp but does no damage.
The crimson imp closely misses you.
You shoot an arrow.
The arrow barely misses the crimson imp.
The crimson imp barely misses you.
You shoot an arrow.
The arrow barely misses the crimson imp.
The crimson imp hits you with a +2 dagger of chaos!
The crimson imp burns you.
You shoot an arrow. The arrow hits the crimson imp.
The crimson imp is moderately wounded.
The crimson imp hits you with a +2 dagger of chaos.
The crimson imp burns you.
You shoot an arrow. The arrow hits the crimson imp.
The crimson imp is severely wounded.
The crimson imp barely misses you.
You shoot an arrow. The arrow misses the crimson imp.
The crimson imp shouts, "Fly, thou unhinged bat-fowling mule!"
The crimson imp hits you but does no damage.
You are electrocuted!
2887 ||| READING scroll of teleportation.
As you read the scroll of teleportation, it crumbles to dust.
You feel strangely unstable.
The crimson imp hits you with a +2 dagger of chaos.
You die...

..... #......##...#
#... #...........# #...
#..##.......#
#...##..##....<..#
#...%...#...###'## #+#
#.......#...##...##..##
#......######..........
#......#.._##..........
#.....@5...##..........
#......#.._###...##....
#......#######...# ####
#.......##..##...#
#........#.......#
#........#.......+
#........#.......#
#........#.......#
#........#.>######


You could see a crimson imp.

Vanquished Creatures
  A scorpion (D:4)
  A hound (D:5)
  An iguana (D:4)
  2 adders
  2 worms (D:2)
  2 dart slugs
  An orc (D:3)
  5 ball pythons
  2 bats (D:1)
  5 endoplasms
  3 giant cockroaches
  5 hobgoblins
  2 quokkas
  4 frilled lizards (D:2)
  A goblin (D:2)
  3 kobolds
  7 rats
47 creatures vanquished.

Notes
Turn   | Place    | Note
-------+----------+-------------------------------------------
     0 | D:1      | qw the Deep Elf Hunter began the quest for the Orb.
     0 | D:1      | Reached XP level 1. HP: 12/12 MP: 3/3
     0 | D:1      | 0 ||| qw: Version: 0.3-a-22-g0ed2b0b
     0 | D:1      | 0 ||| qw: Game counter: 5831
     0 | D:1      | 0 ||| qw: Melee chars always use a shield: true
     0 | D:1      | 0 ||| qw: God list: Okawaru
     0 | D:1      | 0 ||| qw: Allow faded altars: false
     0 | D:1      | 0 ||| qw: Do Orc after clearing Dungeon:15 true
     0 | D:1      | 0 ||| qw: Do second Lair branch before Depths: true
     0 | D:1      | 0 ||| qw: Lair rune preference: random
     0 | D:1      | 0 ||| qw: Goals: Normal
     0 | D:1      | 0 ||| PLANNING D:1-11
     1 | D:1      | Found a runed translucent door.
   128 | D:1      | Reached XP level 2. HP: 16/16 MP: 4/4
   186 | D:1      | Reached skill level 6 in Ranged Weapons
   650 | D:1      | 650 ||| UPGRADING to +0 ring mail.
   660 | D:1      | 660 ||| DROPPING +0 leather armour.
   661 | D:1      | 661 ||| DROPPING ring of magical power.
   662 | D:1      | 662 ||| READING 4 scrolls labelled JUESMY EVIE.
   663 | D:1      | 663 ||| READING scroll labelled DIYPHYPLITA.
   713 | D:1      | 713 ||| READING 4 scrolls labelled JOMOMAUNUY.
   714 | D:1      | 714 ||| READING scroll labelled BUASHR NAD IKK.
   715 | D:1      | 715 ||| DROPPING scroll of butterflies.
   716 | D:1      | 716 ||| DROPPING 3 scrolls of noise.
   724 | D:2      | Found a hide-covered altar of Uskayaw.
   806 | D:2      | Found a faded altar of an unknown god.
  1019 | D:2      | Reached XP level 3. HP: 20/20 MP: 5/5
  1109 | D:2      | Found Cokiylao's Distillery.
  1118 | D:2      | 1118 ||| SHOPLISTING 2 potions of heal wounds (140 gold,
                  | have 72).
  1118 | D:2      | 1118 ||| BUYING potion of curing (42 gold).
  1118 | D:2      | Bought a potion of curing for 42 gold pieces
  1118 | D:2      | 1118 ||| SHOPLISTING potion of curing (42 gold, have 30).
  1118 | D:2      | 1118 ||| SHOPLISTING potion of might (56 gold, have 30).
  1472 | D:2      | 1472 ||| READING scroll labelled GOBUETHOARE.
  1473 | D:2      | 1473 ||| DRINKING 2 grey potions.
  1474 | D:2      | 1474 ||| READING 4 scrolls of identify.
  1474 | D:2      | 1474 ||| IDENTIFYING bubbling white potion
  1475 | D:2      | 1475 ||| READING 3 scrolls of identify.
  1475 | D:2      | 1475 ||| IDENTIFYING viscous green potion
  1476 | D:2      | 1476 ||| DROPPING potion of attraction.
  1514 | D:3      | Reached skill level 7 in Ranged Weapons
  1593 | D:3      | 1593 ||| Stepping ~*~*~tactically~*~*~ (water).
  1641 | D:3      | Found a sacrificial altar of Ru.
  1739 | D:3      | Found Kecyxt's Distillery.
  1751 | D:3      | 1751 ||| Stepping ~*~*~tactically~*~*~ (water).
  1775 | D:3      | 1775 ||| BUYING potion of curing (39 gold).
  1775 | D:3      | Bought a potion of curing for 39 gold pieces
  1775 | D:3      | 1775 ||| BUYING potion of curing (39 gold).
  1775 | D:3      | Bought a potion of curing for 39 gold pieces
  1775 | D:3      | 1775 ||| SHOPLISTING potion of enlightenment (65 gold, have
                  | 24).
  1775 | D:3      | 1775 ||| SHOPLISTING potion of heal wounds (65 gold, have
                  | 24).
  1775 | D:3      | 1775 ||| SHOPLISTING potion of might (52 gold, have 24).
  1775 | D:3      | 1775 ||| SHOPLISTING potion of mutation (104 gold, have
                  | 24).
  1779 | D:3      | Found Dael Pyph's Magic Scroll Shoppe.
  1782 | D:3      | 1782 ||| SHOPLISTING scroll of enchant weapon (105 gold,
                  | have 24).
  1782 | D:3      | 1782 ||| SHOPLISTING scroll of identify (28 gold, have 24).
  1814 | D:3      | Found a shimmering blue altar of Sif Muna.
  1913 | D:3      | 1913 ||| READING 2 scrolls labelled GUCLAE GAULAWN.
  1914 | D:3      | 1914 ||| READING scroll labelled UTIYHA CATO.
  1915 | D:3      | 1915 ||| READING 3 scrolls of identify.
  1915 | D:3      | 1915 ||| IDENTIFYING pink potion
  1916 | D:3      | 1916 ||| DROPPING scroll of amnesia.
  1917 | D:3      | 1917 ||| DROPPING potion of invisibility.
  1972 | D:4      | Found a staircase to the Ecumenical Temple.
  1973 | D:4      | 1973 ||| PLANNING TEMPLE
  1981 | Temple   | Entered the Ecumenical Temple
  2075 | Temple   | 2075 ||| PLANNING D:1-11
  2105 | D:4      | Noticed a scorpion
  2115 | D:4      | Killed a scorpion
  2116 | D:4      | Reached skill level 8 in Ranged Weapons
  2116 | D:4      | Reached XP level 4. HP: 19/25 MP: 6/6
  2419 | D:4      | Found Hetuupoe's Magic Scroll Shoppe.
  2429 | D:4      | 2429 ||| SHOPLISTING scroll of enchant weapon (90 gold,
                  | have 59).
  2429 | D:4      | 2429 ||| BUYING scroll of identify (24 gold).
  2429 | D:4      | Bought a scroll of identify for 24 gold pieces
  2429 | D:4      | 2429 ||| BUYING scroll of identify (24 gold).
  2429 | D:4      | Bought a scroll of identify for 24 gold pieces
  2429 | D:4      | 2429 ||| SHOPLISTING scroll of identify (24 gold, have 11).
  2588 | D:4      | Reached XP level 5. HP: 11/29 MP: 7/7
  2752 | D:4      | 2752 ||| UPGRADING to +6 ring of strength.
  2753 | D:4      | 2753 ||| READING scroll labelled SEFUM LOUSANNY.
  2754 | D:4      | 2754 ||| READING 4 scrolls of identify.
  2754 | D:4      | 2754 ||| IDENTIFYING bubbling orange potion
  2755 | D:4      | 2755 ||| DROPPING potion of magic.
  2771 | D:5      | Entered Level 5 of the Dungeon
  2878 | D:5      | Found a shimmering altar of Xom.
  2878 | D:5      | Found a burning altar of Makhleb.
  2886 | D:5      | HP: 1/29 [crimson imp/+2 dagger of chaos (11)]
  2887 | D:5      | 2887 ||| READING scroll of teleportation.
  2887 | D:5      | Slain by a crimson imp

Levels and vault maps discovered:
D:1:      dpeg_arrival_caged_fury, layout_basic
D:2:      minmay_razor_zed, layout_loops_ring, serial_shops,
          nicolae_shop_advertising_works [nicolae_subvault_shop_adworks],
          ebering_ecumenical_altar_abandoned, basic_altar
D:3:      minmay_spotlight, layout_basic, nicolae_sif_muna_condensation,
          nicolae_ru_the_path_less_chosen, serial_rivers,
          chequers_serial_rivers_small_3, chequers_serial_rivers_micro_d,
          chequers_serial_rivers_micro_d, chequers_serial_rivers_micro_d,
          chequers_serial_rivers_marsh, serial_shops,
          nicolae_shop_tiny_real_fake_doors, nicolae_shop_hallway_stairs
D:4:      layout_loops_ring, minmay_temple_entry_junction, serial_shops,
          nicolae_shop_waterfront, chequers_garden, hangedman_decor_lopped
D:5:      layout_gridville, grunt_temple_overflow_champion_of_chaos,
          nicolae_qazlal_beasts_of_the_sky, nicolae_kite_square_tiling_tiny,
          uniq_crazy_yiuf_cottage
Temple:   hellmonk_temple_beads

Skill      XL: |  1  2  3 |
---------------+----------+-----
Ranged Weapons | 6 8 |  8.9
Fighting       | |  1.5
Dodging        | |  2.4
Stealth        | |  1.2

Action                     |  1- 3 |  4- 6 || total
---------------------------+-------+-------++-------
   Fire: Shortbow          |   112 |    36 ||   148
    Use: Scroll            |    10 |     3 ||    13
         Potion            |     1 |       ||     1
 Armour: Ring mail         |     4 |     4 ||     8
  Dodge: Dodged            |    26 |    15 ||    41

Table legend:
 A = Non-vault XP
 B = Vault XP
 C = Vault XP percentage of total XP
 D = Non-vault monster count
 E = Vault monster count
 F = Vault count percentage of total count
                 A         B        C        D         E       F
            +---------+---------+-------+---------+---------+-------
      Total |     247 |      23 |   8.5 |      35 |      12 |  25.5
            +---------+---------+-------+---------+---------+-------
        D:1 |      22 |       0 |   0.0 |      13 |       0 |   0.0
        D:2 |      16 |      23 |  59.0 |       9 |      12 |  57.1
        D:3 |      26 |       0 |   0.0 |       6 |       0 |   0.0
        D:4 |     140 |       0 |   0.0 |       6 |       0 |   0.0
        D:5 |      43 |       0 |   0.0 |       1 |       0 |   0.0
            +---------+---------+-------+---------+---------+-------
